 Dungeon Crawl Stone Soup version 0.28.0-53-g5a82cb258f (webtiles) character file.

Game seed: 16333949543594885527

975 firemarshallily the Skirmisher (level 7, 0/87 HPs)
             Began as a Demonspawn Gladiator on June 10, 2022.
             Was a Believer of Trog.
             Slain by a sky beast (6 damage)
             ... on level 5 of the Dungeon on June 11, 2022.
             The game lasted 00:13:58 (5143 turns).

firemarshallily the Skirmisher (DsGl)               Turns: 5143, Time: 00:13:58

Health: 0/87       AC:  7    Str: 16    XL:     7   Next: 95%
Magic:  7/7        EV: 13    Int: 10    God:    Trog [**....]
Gold:   347        SH:  0    Dex: 14    Spells: 6/6 levels left

rFire   . . .      SeeInvis .   a - +1 flail
rCold   . . .      Faith    .   (no shield)
rNeg    . . .      Spirit   .   b - +0 leather armour
rPois   .          Reflect  .   c - +1 helmet
rElec   .          Harm     .   (no cloak)
rCorr   .          Rampage  .   (no gloves)
Will    .....                   (no boots)
Stlth   ..........              (no amulet)
HPRegen 0.24/turn               (no ring)
MPRegen 0.10/turn               (no ring)

@: berserking, very quick
A: hooves 1, thin metallic scales 1, demonic guardian 1, sturdy frame 1
a: Renounce Religion, Berserk, Trog's Hand


You were on level 5 of the Dungeon.
You worshipped Trog.
Trog was pleased with you.
You visited 1 branch of the dungeon, and saw 5 of its levels.

You collected 347 gold pieces.

Inventory:

Hand Weapons
 a - a +1 flail (weapon)
Missiles
 d - 4 throwing nets (quivered)
 i - 141 stones
 q - 2 boomerangs of dispersal
Armour
 b - a +0 leather armour (worn)
 c - a +1 helmet (worn)
 g - a +0 chain mail of fire resistance
Wands
 n - a wand of polymorph (11)
Scrolls
 e - a scroll of teleportation
 f - a scroll of holy word
 k - a scroll of fear
Potions
 h - a potion of berserk rage
 j - a potion of attraction
 m - a potion of might


   Skills:
 * Level 6.0 Fighting
 * Level 5.9 Maces & Flails
 - Level 2.0 Throwing
 + Level 3.2 Armour
 - Level 3.0 Dodging


You had 6 spell levels left.
You didn't know any spells.
Your spell library contained the following spells:

 Spells                   Type           Power      Damage    Failure   Level
 Dazzling Flash           Conj/Hex       0%         N/A       75%         3
 Iskenderun's Mystic Bla  Conj/Tloc      0%         2d3       98%         4
 Starburst                Conj/Fire      0%         6d3       100%        6


Dungeon Overview and Level Annotations

Branches:
Dungeon (5/15)
 Temple: D:4-7

Altars:
Okawaru
Trog


Innate Abilities, Weirdness & Mutations

You have large cloven feet.
You are partially covered in thin metallic scales. (AC +2)
A weak demonic guardian rushes to your aid.
Your movements are slightly less encumbered by armour. (ER -2)


Message History

You hear some strange, mumbled words.
A magic dart appears from out of thin air!
The magic dart hits you but does no damage.
The orc hits you but does no damage.
The sky beast flickers out of sight!
Something hits you but does no damage. Something completely misses you.
You barely miss the orc. Something hits you but does no damage.
The orc hits you but does no damage.
Something hits you but does no damage. x2
You hit the orc but do no damage. Something hits you.
The orc hits you but does no damage. Something hits you. Something shocks you.
Something hits you but does no damage.
You barely miss the orc. Something hits you.
The orc hits you with a +1 mace of protection.
Something hits you but does no damage. x2
You hit the orc but do no damage. Something hits you but does no damage.
The orc hits you but does no damage.
Something hits you but does no damage. x3
The orc hits you with a +1 mace of protection.
You hit the orc.
The orc is severely wounded.
You feel less wooden.
Your +1 helmet unmelds from your body.
Your +0 leather armour unmelds from your body.
Something hits you.
* * * LOW HITPOINT WARNING * * *
Something shocks you.
* * * LOW HITPOINT WARNING * * *
A demonic guardian appears!
Something hits you but does no damage.
You hear some strange, mumbled words.
A magic dart appears from out of thin air!
The magic dart hits you.
* * * LOW HITPOINT WARNING * * *
The orc completely misses you.
A red film seems to cover your vision as you go berserk!
You feel yourself moving faster!
You feel mighty! Something hits you.
* * * LOW HITPOINT WARNING * * *
A sky beast appears from thin air!
Reactivating autopickup.
The sky beast hits you.
* * * LOW HITPOINT WARNING * * *
The sky beast shocks you.
You die...

........# .......
...... #.... #....
#..≈# #5Y{#.#
#.{@#.# .# #.o.#.#
#######.# #...#.#
#........ #...#.#
#......# #...#.#
#......#
#...#.####......####
#........'..........
#.#.#.####[.....####
#.#.#...........))..


You could see a sky beast, an orc (ally target) and a friendly ufetubus
(summoned).

Vanquished Creatures
  Pikel (D:5)
  2 sky beasts (D:5)
  An ogre (D:5)
  A centaur skeleton (D:5)
  Jessica (D:3)
  An iguana (D:5)
  3 gnolls (D:5)
  2 adders
  An adder skeleton (D:4)
  A worm (D:4)
  A dart slug (D:3)
  3 orcs
  10 ball pythons
  4 bats
  4 endoplasms
  3 giant cockroaches (D:2)
  5 goblins
  6 hobgoblins
  3 jackals (D:5)
  11 kobolds
  A quokka (D:1)
  3 frilled lizards
  6 rats
74 creatures vanquished.

Vanquished Creatures (collateral kills)
  An iguana (D:3)
  An adder (D:5)
  A quokka (D:2)
3 creatures vanquished.

Vanquished Creatures (others)
  6 fungi (D:4)
  4 toadstools (D:4)
10 creatures vanquished.

Grand Total: 87 creatures vanquished

Notes
Turn   | Place    | Note
-------+----------+-------------------------------------------
     0 | D:1      | firemarshallily the Demonspawn Gladiator began the quest
                  | for the Orb.
     0 | D:1      | Reached XP level 1. HP: 16/16 MP: 1/1
   734 | D:1      | Gained mutation: A weak demonic guardian rushes to your
                  | aid. [demonic ancestry]
   734 | D:1      | Reached XP level 2. HP: 7/22 MP: 2/2
  2079 | D:2      | Gained mutation: You have large cloven feet. [demonic
                  | ancestry]
  2079 | D:2      | Reached XP level 3. HP: 27/28 MP: 3/3
  2423 | D:3      | Found a faded altar of an unknown god.
  2437 | D:3      | Prayed at the altar of an unknown god.
  2437 | D:3      | Became a worshipper of Trog the Wrathful
  2437 | D:3      | Reached * piety under Trog
  2765 | D:3      | Reached skill level 3 in Fighting
  2765 | D:3      | Reached XP level 4. HP: 7/35 MP: 4/4
  3024 | D:3      | Found an iron altar of Okawaru.
  3056 | D:3      | Noticed Jessica
  3067 | D:3      | Killed Jessica
  3242 | D:3      | Reached skill level 1 in Armour
  3597 | D:4      | Reached XP level 5. HP: 33/41 MP: 5/5
  3957 | D:4      | Gained mutation: Your movements are slightly less
                  | encumbered by armour. (ER -2) [potion of mutation]
  4083 | D:5      | Entered Level 5 of the Dungeon
  4272 | D:5      | Noticed a lemure
  4273 | D:5      | Noticed a lemure
  4274 | D:5      | Noticed Pikel
  4280 | D:5      | Noticed a lemure
  4290 | D:5      | Killed Pikel
  4291 | D:5      | Reached skill level 5 in Fighting
  4291 | D:5      | Reached skill level 5 in Maces & Flails
  4291 | D:5      | Reached XP level 6. HP: 15/51 MP: 6/6
  4291 | D:5      | Gained mutation: You are partially covered in thin metallic
                  | scales. (AC +2) [demonic ancestry]
  4291 | D:5      | Reached XP level 7. HP: 16/56 MP: 7/7
  4515 | D:5      | Reached ** piety under Trog
  4843 | D:5      | Reached skill level 6 in Fighting
  5143 | D:5      | Slain by a sky beast

Illustrated notes

Levels and vault maps discovered:
D:1:      psy_arrival_spokes, layout_loops_corners
D:2:      layout_rooms
D:3:      layout_loops_corners, okawaru_ov_weapons_minmay,
          basic_ecumenical_altar, uniq_jessica
D:4:      layout_gridville, minmay_gold_behind_fungi, skrybe_limestone_x,
          nicolae_concentric_dashed_squares_wild
D:5:      layout_basic, lemuel_round_altar, minmay_temple_entry_nine_rooms,
          uniq_pikel

Skill      XL: |  1  2  3  4  5  6  7 |
---------------+----------------------+-----
Maces & Flails | 3 5 |  5.9
Throwing       | 2 |  2.0
Dodging        | 3 |  3.0
Fighting       | 3 5 6 |  6.0
Armour         | 1 2 3 |  3.2

Action                   |  1- 3 |  4- 6 |  7- 9 || total
-------------------------+-------+-------+-------++-------
Melee: Flail             |   108 |    73 |    75 ||   256
       Kick              |     1 |    23 |    18 ||    42
Throw: Throwing net      |       |       |     1 ||     1
  Use: Scroll            |     7 |     5 |       ||    12
       Potion            |       |     2 |     4 ||     6
 Stab: Sleeping          |     1 |       |       ||     1
       Held in net/web   |       |       |     1 ||     1
Armor: Leather armour    |    30 |    15 |    25 ||    70
       Skin              |       |       |    90 ||    90
Dodge: Dodged            |    56 |    44 |    34 ||   134
